ESL (28 & UNDER)
RIO GRANDE RATTLESNAKE @ MT PLEASANT BEARCATS
05/11/2025
 
TOP OF THE 1ST
Rio Grande Rattlesnake batting - Pitching for Mt Pleasant Bearcats : RHP Carlos Mendoza
Pitching: RHP Carlos Mendoza
Batting: RHB Luis Sánchez 0-0: Ball
1-0: Ball
2-0: Ball
3-0: Base on Balls
Batting: LHB R.J. Courtney 0-0: Ball
1-0: Swinging Strike
1-1: Swinging Strike
1-2: SINGLE (Line Drive, 89S)
Luis Sánchez to second
Batting: RHB Paul Martin 0-0: Ball
1-0: Ball
2-0: Ball
3-0: Base on Balls
Luis Sánchez to third
R.J. Courtney to second
Batting: LHB Barrett Waters 0-0: GRAND SLAM HOME RUN (Flyball, 9LD), Distance : 364 ft
Batting: RHB Hollis Wood 0-0: Ground out 6-3 (Groundball, 6)
Batting: RHB Billy Mullins 0-0: Called Strike
0-1: Swinging Strike
0-2: Ball
1-2: Ball
2-2: Strikes out swinging
Batting: RHB Liangde Que 0-0: Called Strike
0-1: Ball
1-1: Swinging Strike
1-2: Foul Ball, location: 2F
1-2: Ball
2-2: Foul Ball, location: 2F
2-2: Ball
3-2: SOLO HOME RUN (Line Drive, 7D), Distance : 390 ft
Batting: SHB Jeremy Holmes 0-0: Called Strike
0-1: Called Strike
0-2: Ground out U3 (Groundball, 3)
Top of the 1st over - 5 run(s), 3 hit(s), 0 error(s), 0 left on base; Rio Grande 5 - Mt Pleasant 0
BOTTOM OF THE 1ST
Mt Pleasant Bearcats batting - Pitching for Rio Grande Rattlesnake : LHP Dave Smeddon
Pitching: LHP Dave Smeddon
Batting: RHB Luis Maldonado 0-0: Called Strike
0-1: Bunt missed!
0-2: DOUBLE (Flyball, 78D)
Batting: RHB Jesús Ramírez 0-0: Swinging Strike
0-1: Ball
1-1: Ball
2-1: SINGLE (Groundball, 56D) (infield hit)
Luis Maldonado to third
Batting: RHB Cristo García 0-0: Called Strike
0-1: Foul Ball, location: 2F
0-2: Foul Ball, location: 2F
0-2: Grounds into double play, 5-4-3 (Groundball, 5)
Luis Maldonado scores
Batting: RHB Armando Cuevas 0-0: Swinging Strike
0-1: Ball
1-1: Ball
2-1: Ground out 5-3 (Groundball, 5S)
Bottom of the 1st over - 1 run(s), 2 hit(s), 0 error(s), 0 left on base; Rio Grande 5 - Mt Pleasant 1
TOP OF THE 2ND
Rio Grande Rattlesnake batting - Pitching for Mt Pleasant Bearcats : RHP Carlos Mendoza
Batting: RHB Jeff Bane 0-0: Ball
1-0: DOUBLE (Line Drive, 9LS)
Batting: RHB Luis Sánchez 0-0: Fly out, F5 (Line Drive, 56)
Batting: LHB R.J. Courtney 0-0: Ground out 5-3 (Groundball, 6S)
Jeff Bane to third
Batting: RHB Paul Martin 0-0: Fly out, F9 (Flyball, 89S)
Top of the 2nd over - 0 run(s), 1 hit(s), 0 error(s), 1 left on base; Rio Grande 5 - Mt Pleasant 1
BOTTOM OF THE 2ND
Mt Pleasant Bearcats batting - Pitching for Rio Grande Rattlesnake : LHP Dave Smeddon
Batting: LHB Robert Moore 0-0: SINGLE (Groundball, 4M)
Batting: RHB Carlos Luna 0-0: Called Strike
0-1: DOUBLE (Line Drive, 89D)
Robert Moore to third
Batting: RHB Vic Langlois 0-0: Called Strike
0-1: Called Strike
0-2: Ball
1-2: Strikes out swinging
Batting: RHB Roberto Martínez 0-0: Foul Ball, location: 2F
0-1: Ball
1-1: Called Strike
1-2: Ground out 5-3 (Groundball, 56)
Robert Moore scores
Batting: RHB Ichizo Akiyama 0-0: Called Strike
0-1: Ball
1-1: Swinging Strike
1-2: DOUBLE (Line Drive, 7LS)
Carlos Luna scores
Batting: RHB Luis Maldonado 0-0: Ball
1-0: Swinging Strike
1-1: Ball
2-1: Fly out, F8 (Flyball, 8RM)
Bottom of the 2nd over - 2 run(s), 3 hit(s), 0 error(s), 1 left on base; Rio Grande 5 - Mt Pleasant 3
TOP OF THE 3RD
Rio Grande Rattlesnake batting - Pitching for Mt Pleasant Bearcats : RHP Carlos Mendoza
Batting: LHB Barrett Waters 0-0: Ball
1-0: Hit by Pitch
Batting: RHB Hollis Wood 0-0: Ball
1-0: Swinging Strike
1-1: Ball
2-1: Grounds into double play, 5-4-3 (Groundball, 56)
Batting: RHB Billy Mullins 0-0: Fly out, F7 (Flyball, 78XD)
Top of the 3rd over - 0 run(s), 0 hit(s), 0 error(s), 0 left on base; Rio Grande 5 - Mt Pleasant 3
BOTTOM OF THE 3RD
Mt Pleasant Bearcats batting - Pitching for Rio Grande Rattlesnake : LHP Dave Smeddon
Batting: RHB Jesús Ramírez 0-0: Foul Ball, location: 2F
0-1: Ball
1-1: Fly out, F8 (Flyball, 8RM)
Batting: RHB Cristo García 0-0: Ground out 4-3 (Groundball, 4)
Batting: RHB Armando Cuevas 0-0: Called Strike
0-1: Called Strike
0-2: SINGLE (Line Drive, 8LS)
Batting: LHB Robert Moore 0-0: Fly out, F8 (Flyball, 8RS)
Bottom of the 3rd over - 0 run(s), 1 hit(s), 0 error(s), 1 left on base; Rio Grande 5 - Mt Pleasant 3
TOP OF THE 4TH
Rio Grande Rattlesnake batting - Pitching for Mt Pleasant Bearcats : RHP Carlos Mendoza
Batting: RHB Liangde Que 0-0: Ball
1-0: Ground out 6-3 (Groundball, 6)
Batting: SHB Jeremy Holmes 0-0: Fly out, F8 (Flyball, 8LM)
Batting: RHB Jeff Bane 0-0: Ground out 6-3 (Groundball, 6M)
Top of the 4th over - 0 run(s), 0 hit(s), 0 error(s), 0 left on base; Rio Grande 5 - Mt Pleasant 3
BOTTOM OF THE 4TH
Mt Pleasant Bearcats batting - Pitching for Rio Grande Rattlesnake : LHP Dave Smeddon
Batting: RHB Carlos Luna 0-0: Ball
1-0: Called Strike
1-1: Ball
2-1: Foul Ball, location: 2F
2-2: Ball
3-2: Foul Ball, location: 2F
3-2: Fly out, F8 (Flyball, 8LM)
Batting: RHB Vic Langlois 0-0: Ball
1-0: Foul Ball, location: 2F
1-1: Ball
2-1: Foul Ball, location: 2F
2-2: Foul Ball, location: 2F
2-2: Strikes out looking
Batting: RHB Roberto Martínez 0-0: Ball
1-0: Ball
2-0: Ground out 5-3 (Groundball, 56S)
Bottom of the 4th over - 0 run(s), 0 hit(s), 0 error(s), 0 left on base; Rio Grande 5 - Mt Pleasant 3
TOP OF THE 5TH
Rio Grande Rattlesnake batting - Pitching for Mt Pleasant Bearcats : RHP Carlos Mendoza
Batting: RHB Luis Sánchez 0-0: Ball
1-0: Called Strike
1-1: Swinging Strike
1-2: Ball
2-2: Foul Ball, location: 2F
2-2: Foul Ball, location: 2F
2-2: Strikes out looking
Batting: LHB R.J. Courtney 0-0: Called Strike
0-1: Ball
1-1: Foul Ball, location: 2F
1-2: Foul Ball, location: 2F
1-2: Fly out, F7 (Flyball, 7M)
Batting: RHB Paul Martin 0-0: Called Strike
0-1: Ground out 5-3 (Groundball, 5S)
Top of the 5th over - 0 run(s), 0 hit(s), 0 error(s), 0 left on base; Rio Grande 5 - Mt Pleasant 3
BOTTOM OF THE 5TH
Mt Pleasant Bearcats batting - Pitching for Rio Grande Rattlesnake : LHP Dave Smeddon
Batting: RHB Ichizo Akiyama 0-0: Ball
1-0: Ball
2-0: Called Strike
2-1: Foul Ball, location: 2F
2-2: Ball
3-2: Foul Ball, location: 2F
3-2: Base on Balls
Batting: RHB Luis Maldonado 0-0: Ball
1-0: Ball
2-0: Ball
Ichizo Akiyama steals 2nd base
3-0: Called Strike
3-1: Fly out, F8 (Flyball, 8LXD)
Runner from 2nd tags up, SAFE at 3rd, no throw
Batting: RHB Jesús Ramírez 0-0: Ball
1-0: Ball
2-0: Foul Ball, location: 2F
2-1: Called Strike
2-2: Ball
3-2: Base on Balls
Batting: RHB Cristo García 0-0: Called Strike
0-1: Ball
1-1: Called Strike
1-2: Ball
2-2: Fielders Choice at 2nd, U4 (Groundball, 4M)
Ichizo Akiyama scores
Batting: RHB Armando Cuevas 0-0: Ball
1-0: Foul Ball, location: 2F
1-1: Foul Ball, location: 2F
1-2: SINGLE (Groundball, 6MD)
Cristo García to second
Batting: LHB Robert Moore 0-0: Ball
1-0: Foul Ball, location: 2F
1-1: Ball
2-1: Fly out, F4 (Popup, 34D)
Bottom of the 5th over - 1 run(s), 1 hit(s), 0 error(s), 2 left on base; Rio Grande 5 - Mt Pleasant 4
TOP OF THE 6TH
Rio Grande Rattlesnake batting - Pitching for Mt Pleasant Bearcats : RHP Carlos Mendoza
Batting: LHB Barrett Waters 0-0: Ground out 3-1 (Groundball, 34)
Batting: RHB Hollis Wood 0-0: Ball
1-0: Fly out, F8 (Flyball, 8LM)
Batting: RHB Billy Mullins 0-0: Called Strike
0-1: Swinging Strike
0-2: Ball
1-2: Ball
2-2: Strikes out looking
Top of the 6th over - 0 run(s), 0 hit(s), 0 error(s), 0 left on base; Rio Grande 5 - Mt Pleasant 4
BOTTOM OF THE 6TH
Mt Pleasant Bearcats batting - Pitching for Rio Grande Rattlesnake : LHP Dave Smeddon
Batting: RHB Carlos Luna 0-0: SINGLE (Groundball, 56)
Batting: RHB Vic Langlois 0-0: Called Strike
Carlos Luna steals 2nd base
0-1: SINGLE (Groundball, 4MD)
Carlos Luna to third
Batting: RHB Roberto Martínez 0-0: Called Strike
0-1: Foul Ball, location: 2F
0-2: Strikes out looking
Pitching: RHP Alfonso Luna
Batting: RHB Ichizo Akiyama 0-0: Ball
1-0: Called Strike
1-1: Called Strike
1-2: Ball
2-2: Ball
3-2: Strikes out looking
Batting: RHB Luis Maldonado 0-0: Foul Ball, location: 2F
0-1: Fly out, F9 (Flyball, 89M)
Bottom of the 6th over - 0 run(s), 2 hit(s), 0 error(s), 2 left on base; Rio Grande 5 - Mt Pleasant 4
TOP OF THE 7TH
Rio Grande Rattlesnake batting - Pitching for Mt Pleasant Bearcats : RHP Carlos Mendoza
Batting: RHB Liangde Que 0-0: Called Strike
0-1: Ball
1-1: Called Strike
1-2: Foul Ball, location: 2F
1-2: Ball
2-2: Strikes out looking
Batting: SHB Jeremy Holmes 0-0: Called Strike
0-1: Fly out, F8 (Flyball, 8RM)
Batting: RHB Jeff Bane 0-0: Ground out 4-3 (Groundball, 34)
Top of the 7th over - 0 run(s), 0 hit(s), 0 error(s), 0 left on base; Rio Grande 5 - Mt Pleasant 4
BOTTOM OF THE 7TH
Mt Pleasant Bearcats batting - Pitching for Rio Grande Rattlesnake : RHP Alfonso Luna
Batting: RHB Jesús Ramírez 0-0: Foul Ball, location: 2F
0-1: Fly out, F4 (Popup, 4M)
Batting: RHB Cristo García 0-0: Ball
1-0: Ball
2-0: Ball
3-0: Called Strike
3-1: Foul Ball, location: 2F
3-2: Strikes out swinging
Batting: RHB Armando Cuevas 0-0: Called Strike
0-1: SINGLE (Line Drive, 6M)
Pitching: LHP Vicente Sánchez
Pinch Hitting: RHB Yasutoki Kojima 0-0: Called Strike
0-1: Ball
1-1: Ground out 2-3 (Groundball, 2R)
Bottom of the 7th over - 0 run(s), 1 hit(s), 0 error(s), 1 left on base; Rio Grande 5 - Mt Pleasant 4
TOP OF THE 8TH
Rio Grande Rattlesnake batting - Pitching for Mt Pleasant Bearcats : RHP Carlos Mendoza
Now in RF: Colm Massey
Batting: RHB Luis Sánchez 0-0: Swinging Strike
0-1: Swinging Strike
0-2: Ball
1-2: Ball
2-2: Ball
3-2: Base on Balls
Pitching: LHP Henry Barton
Batting: LHB R.J. Courtney 0-0: Called Strike
0-1: Sac Bunt - play at first, batter OUT! 3-4
Luis Sánchez to second
Batting: RHB Paul Martin 0-0: Foul Ball, location: 2F
0-1: Swinging Strike
0-2: Ball
1-2: Foul Ball, location: 2F
1-2: Strikes out looking
Batting: LHB Barrett Waters 0-0: Called Strike
0-1: Fly out, F8 (Flyball, 8RD)
Top of the 8th over - 0 run(s), 0 hit(s), 0 error(s), 1 left on base; Rio Grande 5 - Mt Pleasant 4
BOTTOM OF THE 8TH
Mt Pleasant Bearcats batting - Pitching for Rio Grande Rattlesnake : LHP Vicente Sánchez
Pitching: RHP Manny Silva
Batting: RHB Carlos Luna 0-0: Called Strike
0-1: Ball
1-1: Foul Ball, location: 2F
1-2: Ball
2-2: Ball
3-2: Foul Ball, location: 2F
3-2: Base on Balls
Pitching: RHP Adrián Mora
Batting: RHB Vic Langlois 0-0: Bunted foul
0-1: Sac Bunt - play at first, batter OUT! 1-4
Carlos Luna to second
Pinch Hitting: SHB Roberto Rivera 0-0: Called Strike
0-1: Ground out 1-3 (Groundball, 13S)
Carlos Luna to third
Batting: RHB Ichizo Akiyama 0-0: Foul Ball, location: 2F
0-1: Foul Ball, location: 2F
0-2: Ball
1-2: Foul Ball, location: 2F
1-2: Foul Ball, location: 2F
1-2: Ball
2-2: Ball
3-2: Strikes out looking
Bottom of the 8th over - 0 run(s), 0 hit(s), 0 error(s), 1 left on base; Rio Grande 5 - Mt Pleasant 4
TOP OF THE 9TH
Rio Grande Rattlesnake batting - Pitching for Mt Pleasant Bearcats : LHP Henry Barton
Pitching: RHP Joe Wilson
Now at 2B: Irving Galloway
Batting: RHB Hollis Wood 0-0: Ground out 6-3 (Groundball, 6)
Batting: RHB Billy Mullins 0-0: Ball
1-0: Foul Ball, location: 2F
1-1: Ball
2-1: Fly out, F8 (Flyball, 8RM)
Batting: RHB Liangde Que 0-0: Called Strike
0-1: Fly out, F9 (Flyball, 9LS)
Top of the 9th over - 0 run(s), 0 hit(s), 0 error(s), 0 left on base; Rio Grande 5 - Mt Pleasant 4
BOTTOM OF THE 9TH
Mt Pleasant Bearcats batting - Pitching for Rio Grande Rattlesnake : RHP Adrián Mora
Pitching: RHP Larry Pérez
Now at C: Oliver Acevedo
Batting: RHB Luis Maldonado 0-0: Fly out, F6 (Popup, 6)
Batting: RHB Jesús Ramírez 0-0: Ball
1-0: Ground out 4-3 (Groundball, 4)
Batting: RHB Cristo García 0-0: Ball
1-0: Swinging Strike
1-1: Ball
2-1: Ground out 6-3 (Groundball, 6)
Bottom of the 9th over - 0 run(s), 0 hit(s), 0 error(s), 0 left on base; Rio Grande 5 - Mt Pleasant 4
This league is powered by Out of the Park Baseball, the baseball management simulation game for PC, Mac and Linux
Tuesday, August 2nd, 2016 - OOTP Baseball 16.8 Build 38